 Dungeon Crawl Stone Soup version 0.23-a0-171-g5ae17c6 (webtiles) character file.

62 Inarius the Skirmisher (level 3, 0/30 HPs)
             Began as a Mummy Fighter on Sept 14, 2018.
             Killed from afar by Natasha (10 damage)
             ... with a wand of flame (22)
             ... on level 2 of the Dungeon.
             The game lasted 00:01:28 (1120 turns).

Inarius the Skirmisher (Mummy Fighter)              Turns: 1120, Time: 00:01:28

Health: 0/30       AC:  6    Str: 20    XL:     3   Next: 85%
Magic:  3/3        EV:  7    Int:  7    God:
Gold:   165        SH:  9    Dex: 11    Spells: 2/2 levels left

rFire    . . .     SeeInvis .   a - +0 long sword
rCold    . . .     Gourm    .   c - +0 shield
rNeg     + + +     Faith    .   b - +0 scale mail
rPois    ∞         Spirit   .   (no helmet)
rElec    .         Reflect  .   (no cloak)
rCorr    .         Harm     .   (no gloves)
MR       .....                  (no boots)
Stlth    ..........             (no amulet)
HPRegen  0.10/turn              d - ring of fire
MPRegen  0.08/turn              (no ring)

@: no status effects
A: no food or potions, fire vulnerability, cold resistance 1, negative energy
resistance 3, torment resistance, unbreathing
a: no special abilities


You were on level 2 of the Dungeon.
You were not hungry.

You visited 1 branch of the dungeon, and saw 2 of its levels.

You collected 165 gold pieces.

Inventory:

Hand Weapons
 a - a +0 long sword (weapon)
 e - a cursed -1 dagger
Armour
 b - a +0 scale mail (worn)
 c - a +0 shield (worn)
Jewellery
 d - a ring of fire (left hand)
Scrolls
 f - 4 scrolls of identify {unknown}
 g - 2 scrolls of blinking {unknown}
 h - a scroll of magic mapping {unknown}
 i - a scroll of amnesia {unknown}
 j - a scroll of teleportation {unknown}


   Skills:
 * Level 3.8 Fighting
 - Level 1.7 Long Blades
 + Level 2.7 Armour
 + Level 0.1 Dodging
 + Level 3.0 Shields


You had 2 spell levels left.
You didn't know any spells.
Your spell library was empty.

Dungeon Overview and Level Annotations

Branches:
Dungeon (2/15)

Altars:
Qazlal

Annotations:
D:2 Natasha


Innate Abilities, Weirdness & Mutations

You do not eat or drink.
Your flesh is vulnerable to fire.
You are immune to poison.
Your flesh is cold resistant. (rC+)
You are immune to negative energy. (rN+++)
You are immune to unholy pain and torment.
You can survive without breathing.


Message History

You are too injured to fight recklessly!
You are too injured to fight recklessly!
You are too injured to fight recklessly!
You are too injured to fight recklessly!
You are too injured to fight recklessly!
You are too injured to fight recklessly!
You are too injured to fight recklessly!
You are too injured to fight recklessly!
You are too injured to fight recklessly!
You are too injured to fight recklessly!
You are too injured to fight recklessly!
You are too injured to fight recklessly!
You are too injured to fight recklessly!
You are too injured to fight recklessly!
You are too injured to fight recklessly!
You are too injured to fight recklessly!
You slash Natasha!
Natasha is heavily wounded.
Natasha claws you.
Natasha zaps a wand.
The puff of flame hits you!
You die...

#.###..(..#
#.# #.#
##.###.(.##
#.# #..
##.##...# #.#
###
##(#...#####.#
##.......##.#
###.##..##.#
#.##..##.####
#.##.........
# #.###@##.###
. #.# #h# # #
#.# #.# # ..#
#.. # ### .##
# # # # #####
......


You could see Natasha.

Vanquished Creatures
  A hound skeleton (D:2)
  2 adders (D:2)
  A dart slug (D:2)
  A goblin (D:1)
  5 hobgoblins
  6 kobolds
  A quokka (D:2)
  8 bats
  3 frilled lizards
  4 rats
32 creatures vanquished.

Notes
Turn   | Place    | Note
-------+----------+-------------------------------------------
     0 | D:1      | Inarius the Mummy Fighter began the quest for the Orb.
     0 | D:1      | Reached XP level 1. HP: 18/18 MP: 1/1
   109 | D:1      | Reached XP level 2. HP: 24/24 MP: 2/2
   891 | D:2      | Noticed a water elemental
   893 | D:2      | Found a stormy altar of Qazlal.
   894 | D:2      | Noticed a fire elemental
   894 | D:2      | Noticed an air elemental
   894 | D:2      | Noticed an earth elemental
   901 | D:2      | Reached XP level 3. HP: 24/29 MP: 3/3
  1114 | D:2      | Noticed Natasha
  1120 | D:2      | Killed from afar by Natasha

Vault maps used:
D:1:      minmay_arrival_shoal_huts
D:2:      nicolae_qazlal_style_of_elements, first_ration, uniq_natasha

Skill      XL: |  1  2  3 |
---------------+----------+-----
Shields        | 3 |  3.0
Fighting       | |  3.8
Long Blades    | |  1.7
Armour         | |  2.7
Dodging        | |  0.1

Action                   || total
-------------------------++-------
Melee: Long sword        ||    99
Armor: Scale mail        ||    60
Dodge: Dodged            ||    32
Block: Shield            ||    51
       Rpst.: Long sword ||    13

Table legend:
 A = Non-vault XP
 B = Vault XP
 C = Vault XP percentage of total XP
 D = Non-vault monster count
 E = Vault monster count
 F = Vault count percentage of total count
                 A         B        C        D         E       F
            +---------+---------+-------+---------+---------+-------
      Total |      89 |       0 |   0.0 |      32 |       0 |   0.0
            +---------+---------+-------+---------+---------+-------
        D:1 |      28 |       0 |   0.0 |      20 |       0 |   0.0
        D:2 |      61 |       0 |   0.0 |      12 |       0 |   0.0
            +---------+---------+-------+---------+---------+-------
